Unix NetHack Version 5.0.0-0 post-release - last build May  4 2026 22:22:43 (774f63e81ad911689b3a0859ea89b322d5daca8d,branch:main).

Game began 2026-05-06 03:21:22, ended 2026-05-06 03:28:39.

JohnSchlot, neutral female human Valkyrie

     --
    --.
   --...
  --....-             .-
 --.-....---    ------.-----
  .......... ---|.(..|.....---  ..G--
    -.......--.--.d...G........x.......-
      -...........|..@h.........r-------
      |..........---.|...........-
      ---......<-- ----..|..........|
        |......%|      -#-- ........-
        |.|.....-             ........|
          |.*..[.-             .......|
          --.......-             ...---
           ---..|..|              ---
             -------

JohnSchlot the Skirmisher   St:17 Dx:14 Co:18 In:8 Wi:9 Ch:9  Neutral
Dlvl:3  $:24 HP:0(32) Pw:9(9) AC:6  Xp:3 T:761 

Latest messages:
 There is a branch staircase up to the Dungeons of Doom here.
 The little dog picks up a gem.
 You hit the gnome.
 You kill the gnome!
 Welcome to experience level 2.
 You see here a candle.
 i - a candle.
 You are beginning to feel hungry.
 What do you want to eat? [dh or ?*] d
 This food really hits the spot!
 You stop eating the food ration.
 You swap places with your little dog.
 The little dog drops a blue gem.
 You hit the dwarf!
 You miss the dwarf.
 You miss the dwarf.
 The dwarf swings her pick-axe.
 The dwarf hits!
 The little dog misses the dwarf.
 You kill the dwarf!
 Your little dog eats a dwarf corpse.
 The gnome hits!
 You kill the gnome!
 Welcome to experience level 3.
 You feel stealthy!
 The gnome hits!
 You miss the gnome.
 You kill the gnome!
 You miss the gnome.
 You kill the gnome!
 You see here a candle.
 The gnome hits!
 You miss the gnome.
 The gnome hits!
 You kill the gnome!
 You see here 11 darts.
 You hit the dwarf.
 The dwarf swings her dwarvish mattock.
 The dwarf hits!
 You miss the dwarf.
 The gnome hits!
 You miss the dwarf.
 The dwarf swings her dwarvish mattock.
 The dwarf hits!
 You die...
 Do you want your possessions identified? [ynq] (y) y
 Do you want to see your attributes? [ynq] (y) y
 Do you want an account of creatures vanquished? [ynaq] (y) y
 Do you want to see your conduct and achievements? [ynq] (y) y
 Do you want to see the dungeon overview? [ynq] (y) y

Inventory:
 Coins    ('$')
  $ - 24 gold pieces
 Weapons  (')')
  b - a +0 dagger (alternate weapon; not wielded)
  a - a +1 spear (weapon in right hand)
 Armor    ('[')
  c - an uncursed +3 small shield (being worn)
 Comestibles  ('%')
  h - 2 uncursed cram rations
  d - an uncursed partly eaten food ration
 Potions  ('!')
  g - a cursed potion of blindness
  f - an uncursed potion of healing
 Tools    ('(')
  i - an uncursed tallow candle
  e - an uncursed tin opener

JohnSchlot the Valkyrie's attributes:

Background:
 You were a Skirmisher, a level 3 human Valkyrie.
 You were neutral, on a mission for Odin
 who was opposed by Tyr (lawful) and Loki (chaotic).
 You were right-handed.
 You were in the Gnomish Mines, on level 3.
 You entered the dungeon 761 turns ago.
 It was nighttime.
 You had 63 experience points, 17 more were needed to attain level 4.

Basics:
 You had 0 out of 32 hit points.
 You had all 9 energy points (spell power).
 Your armor class was 6.
 Your wallet contained 24 zorkmids.
 Autopickup was off.

Final Characteristics:
 Your strength was 17 (limit:18/100).
 Your dexterity was 14 (limit:18).
 Your constitution was 18 (limit:18).
 Your intelligence was 8 (limit:18).
 Your wisdom was 9 (limit:18).
 Your charisma was 9 (limit:18).

Final Status:
 You weren't hungry.
 You were unencumbered.
 You were wielding a spear.
 You had basic skill with spear.

Final Attributes:
 You were fervently aligned.
 You were cold resistant.
 You were stealthy.
 You are dead.

Miscellaneous:
 You didn't encounter any bones levels.
 Total elapsed playing time was 7 minutes and 15 seconds.

Major events:
 Turn
    1: JohnSchlot the neutral human Valkyrie entered the dungeon
  717: entered the Gnomish Mines
  738: attained the rank of Skirmisher (level 3)
  761: killed by a dwarf

You didn't know any spells.

Skills:
 Fighting Skills
   bare handed combat [Unskilled]
   two weapon combat  [Unskilled]
   riding             [Unskilled]
 Weapon Skills
   dagger             [Basic]
   axe                [Unskilled]
   pick-axe           [Unskilled]
   short sword        [Unskilled]
   broadsword         [Unskilled]
   long sword         [Unskilled]
   two-handed sword   [Unskilled]
   saber              [Unskilled]
   hammer             [Unskilled]
   quarterstaff       [Unskilled]
   polearms           [Unskilled]
   spear              [Basic]
   trident            [Unskilled]
   lance              [Unskilled]
   sling              [Unskilled]
 Spellcasting Skills
   attack spells      [Unskilled]
   escape spells      [Unskilled]

Voluntary challenges:
 Character rerolling was not enabled.
 You followed a strict vegan diet.
 You were an atheist.
 You were illiterate.
 You never genocided any monsters.
 You never polymorphed an object.
 You never changed form.
 You used no wishes.
Achievements:
 You entered the Gnomish Mines.
 You attained the rank of Skirmisher.

 The Dungeons of Doom: levels 1 to 2
    Level 1:
       Many fountains, a sink.
    Level 2:
       A fountain.
       Stairs down to The Gnomish Mines.
 The Gnomish Mines:
    Level 3: <- You were here.
       Final resting place for
          you, killed by a dwarf.
 The Tutorial:
    Level 1:


Vanquished creatures:
  a dwarf
  5 gnomes
  3 jackals
  a fox
  5 grid bugs
  2 lichens
  2 newts
19 creatures vanquished.

No species were genocided or became extinct.

Game over:
                       ----------
                      /          \
                     /    REST    \
                    /      IN      \
                   /     PEACE      \
                  /                  \
                  |    JohnSchlot    |
                  |      24 Au       |
                  |   killed by a    |
                  |      dwarf       |
                  |                  |
                  |                  |
                  |       2026       |
                 *|     *  *  *      | *
        _________)/\\_//(\/(/\)/\//\/|_)_______

Farvel JohnSchlot the Valkyrie...

You died in The Gnomish Mines on dungeon level 3 with 374 points,
and 24 pieces of gold, after 761 moves.
You were level 3 with a maximum of 32 hit points when you died.

